Senators vs Rocket
Created - February 5, 2023 at 22:50
Goals
|
| Senators |
2 |
2 |
3 |
7 |
| Rocket |
1 |
3 |
1 |
5 |
|
Shots
|
| Senators |
16 |
8 |
10 |
34 |
| Rocket |
13 |
16 |
10 |
39 |
|
1st period
1. Senators , Brendan Perlini 15 (Oliver Bjorkstrand 21, Keegan Lowe 14) at 6:17
2. Rocket , Danton Heinen 24 (Corey Trivino 30) at 11:46
3. Senators , Tyler Pitlick 28 (Zachary Sanford 29) at 11:54
Penalties :
No Penalty
2nd period
4. Rocket , Danton Heinen 25 (Adrian Kempe 32, Corey Trivino 31) at 1:22
5. Senators , Johan Larsson 1 (Jordan Schmaltz 23, Grant Besse 12) at 2:16
6. Senators , Zachary Sanford 29 (Jordan Schmaltz 24, Tyler Pitlick 24) at 3:47
7. Rocket , Dean Kukan 1 (Danton Heinen 34, Adrian Kempe 33) at 4:41 (PP)
8. Rocket , Jakub Vrana 6 (Ty Rattie 6) at 14:19
Penalties :
Jordan Schmaltz (Bel) for Hooking (Minor) at 4:20, Peter Holland (Lav) for Hooking (Minor) at 17:08
3rd period
9. Senators , Brendan Perlini 16 (Mason Geertsen 7, Jacob De La Rose 15) at 5:52
10. Senators , Zachary Sanford 30 (Tyler Pitlick 25, Christoph Bertschy 30) at 15:23
11. Rocket , Peter Holland 15 (Brandon Pirri 25, Scott Wilson 25) at 16:14
12. Senators , C.J Suess 11 (Grant Besse 13, Jonas Siegenthaler 7) at 17:03
Penalties :
Christoph Bertschy (Bel) for Hooking (Minor) at 0:07, Keegan Lowe (Bel) for High sticking (Minor) at 6:20
Goalie Stats
Garret Sparks (Bel), 34 saves from 39 shots - (0.872), W, 12-9-4, 60:00 minutes
Eamon McAdam (Lav), 27 saves from 34 shots - (0.794), L, 1-5-1, 60:00 minutes
Players Stats for Senators
Player Name G A P +/- PIM S H SB GA TA FO MP PP MP PK MP
------------------------------------------------------------------------------------
Brendan Perlini 2 0 2 1 0 5 0 0 1 0 0/0 17:20 0:54 1:24
C.J Suess 1 0 1 0 0 6 2 0 0 0 0/1 13:14 0:04 0:00
Christoph Bertschy 0 1 1 1 2 4 4 3 0 1 10/34 21:49 1:01 1:34
David Kase 0 0 0 1 0 1 0 1 0 0 0/0 7:54 0:04 0:00
Dmitry Sinitsyn 0 0 0 -1 0 2 1 3 1 3 0/0 28:05 1:11 2:53
Grant Besse 0 2 2 0 0 0 0 0 0 0 0/0 12:05 0:00 0:00
Gustav Forsling 0 0 0 0 0 0 0 0 0 0 0/0 5:53 0:00 0:00
Jacob De La Rose 0 1 1 1 0 0 3 0 1 1 6/14 17:39 0:54 2:07
Johan Larsson 1 0 1 1 0 2 1 0 0 0 0/0 6:55 0:00 0:00
Jonas Siegenthaler 0 1 1 3 0 0 0 1 0 0 0/0 12:20 0:00 0:13
Jordan Schmaltz 0 2 2 -1 2 2 0 0 0 1 0/0 21:50 1:11 2:32
Keegan Lowe 0 1 1 1 2 0 0 3 0 2 0/0 19:09 0:48 0:41
Kevin Rooney 0 0 0 0 0 1 2 1 0 1 4/6 14:00 0:04 0:38
Mason Geertsen 0 1 1 3 0 1 0 0 0 0 0/0 13:00 0:00 0:53
Michael McCarron 0 0 0 1 0 1 1 0 0 0 1/1 6:55 0:00 0:00
Nikita Nesterov 0 0 0 1 0 1 1 0 0 1 0/0 19:48 0:48 1:26
Oliver Bjorkstrand 0 1 1 1 0 1 1 0 1 1 0/0 15:09 0:54 0:00
Tyler Pitlick 1 2 3 1 0 3 1 0 1 1 0/2 19:46 1:01 0:00
Vitaly Abramov 0 0 0 0 0 0 0 0 0 0 0/0 0:00 0:00 0:00
Zachary Sanford 2 1 3 1 0 4 0 1 0 2 0/1 22:47 1:01 2:55
Players Stats for Rocket
Player Name G A P +/- PIM S H SB GA TA FO MP PP MP PK MP
------------------------------------------------------------------------------------
Adam Fox 0 0 0 -2 0 1 0 3 0 1 0/0 17:41 0:49 0:52
Adrian Kempe 0 2 2 -2 0 6 3 0 3 0 0/1 22:26 2:42 1:04
Andrei Mironov 0 0 0 0 0 0 0 0 0 0 0/0 10:33 0:00 0:00
Andrey Pedan 0 0 0 -2 0 2 1 1 0 1 0/0 17:41 0:49 0:52
Brandon Pirri 0 1 1 0 0 2 0 0 0 0 0/0 17:48 1:37 0:33
Corey Trivino 0 2 2 -2 0 1 2 1 2 0 24/34 20:55 2:42 0:22
Dalton Smith 0 0 0 0 0 0 0 0 0 0 0/0 0:45 0:00 0:21
Danton Heinen 2 1 3 -2 0 7 0 0 2 1 3/3 21:31 2:42 0:58
Dean Kukan 1 0 1 -2 0 2 2 3 0 0 0/0 25:12 3:30 1:07
Dominic Turgeon 0 0 0 -1 0 2 0 1 0 0 3/6 12:03 0:00 0:00
Dylan DeMelo 0 0 0 0 0 0 0 3 0 0 0/0 10:33 0:00 0:00
Guillaume Brisebois 0 0 0 0 0 0 0 0 0 0 0/0 0:00 0:00 0:00
Jack Glover 0 0 0 1 0 1 0 0 0 0 0/0 6:34 0:00 0:00
Jakub Vrana 1 0 1 0 0 2 0 0 0 0 0/0 6:57 0:00 0:00
Jiri Sekac 0 0 0 -1 0 1 1 0 2 0 1/1 12:03 0:00 0:00
Karson Kuhlman 0 0 0 0 0 0 0 1 0 0 1/2 6:57 0:00 0:00
Kole Sherwood 0 0 0 -1 0 1 6 0 0 0 0/0 12:03 0:00 0:00
Luke Kunin 0 0 0 0 0 0 0 0 0 0 0/0 0:00 0:00 0:00
Mason Appleton 0 0 0 0 0 1 0 0 0 0 0/0 1:53 0:00 0:40
Peter Holland 1 0 1 0 2 7 1 0 1 1 6/12 18:03 1:37 0:00
Scott Wilson 0 1 1 0 0 3 1 2 0 0 0/0 17:15 1:37 0:00
Sergey Tolchinsky 0 0 0 0 0 0 0 0 0 0 0/0 0:24 0:00 0:00
Ty Rattie 0 1 1 0 0 0 0 0 1 0 0/0 6:57 0:00 0:00
Tyler Lewington 0 0 0 1 0 0 0 0 0 1 0/0 6:34 0:00 0:00
Viktor Loov 0 0 0 -2 0 0 0 3 3 0 0/0 25:12 3:30 1:07
3 Stars
1 - Zachary Sanford (Bel)
2 - Tyler Pitlick (Bel)
3 - Brendan Perlini (Bel)
Power Play
Senators - 0 on 1 Attempt(s) - 0.00%
Rocket - 1 on 3 Attempt(s) - 33.33%
Penalty Kill
Senators - 2 on 3 Attempt(s) - 66.67%
- Score 0 goal in Penalty Kill
Rocket - 1 on 1 Attempt(s) - 100.00%
- Score 0 goal in Penalty Kill
Team Stat
Senators - Hits : 17 - Faceoff Wins : 21 - Blocked Shots : 13 - Penalty Minutes : 6
Rocket - Hits : 17 - Faceoff Wins : 38 - Blocked Shots : 18 - Penalty Minutes : 2
Official
Referees : Jacob Brenk and Justin St. Pierre
Linesman : Brian Mach and Scott Cherrey
Game Notes
No Game Note
Finance
Level 1 -- Attendance: 1946 (97.30%) -- Ticket Income $68,110
Level 2 -- Attendance: 1000 (100.00%) -- Ticket Income $15,000
Total Attendance: 2946 (98.20%)
Total Ticket Income: $83,110
Other Income: $4,156
Total Income: $87,266
Senators
5 vs 5 Forward
Center Left Wing Right Wing Time % Phy DF OF
1 Christoph Bertschy Zachary Sanford Tyler Pitlick 40 1 2 2
2 Jacob De La Rose Brendan Perlini Oliver Bjorkstrand 30 1 2 2
3 Kevin Rooney C.J Suess Grant Besse 20 1 2 2
4 Michael McCarron Johan Larsson David Kase 10 1 2 2
5 vs 5 Defense
Defense Defense Time % Phy DF OF
1 Dmitry Sinitsyn Jordan Schmaltz 40 1 2 2
2 Keegan Lowe Nikita Nesterov 30 1 2 2
3 Mason Geertsen Jonas Siegenthaler 20 1 2 2
4 Gustav Forsling Dmitry Sinitsyn 10 1 2 2
PowerPlay Forward
Center Left Wing Right Wing Time % Phy DF OF
1 Christoph Bertschy Zachary Sanford Tyler Pitlick 60 1 1 3
2 Jacob De La Rose Brendan Perlini Oliver Bjorkstrand 40 1 1 3
PowerPlay Defense
Defense Defense Time % Phy DF OF
1 Dmitry Sinitsyn Jordan Schmaltz 60 1 1 3
2 Keegan Lowe Nikita Nesterov 40 1 1 3
Penalty Kill 4 Players Forward
Center Wing Time % Phy DF OF
1 Christoph Bertschy Zachary Sanford 60 1 2 2
2 Jacob De La Rose Brendan Perlini 40 1 2 2
Penalty Kill 4 Players Defense
Defense Defense Time % Phy DF OF
1 Dmitry Sinitsyn Jordan Schmaltz 60 1 2 2
2 Keegan Lowe Nikita Nesterov 40 1 2 2
Penalty Kill - 3 Players Forward
Forward Time % Phy DF OF
1 Christoph Bertschy 60 1 2 2
2 Jacob De La Rose 40 1 2 2
Penalty Kill - 3 Players Defense
Defense Defense Time % Phy DF OF
1 Dmitry Sinitsyn Jordan Schmaltz 60 1 2 2
2 Keegan Lowe Nikita Nesterov 40 1 2 2
4 vs 4 Forward
Center Wing Time % Phy DF OF
1 Christoph Bertschy Zachary Sanford 60 1 2 2
2 Jacob De La Rose Brendan Perlini 40 1 2 2
4 vs 4 Defense
Defense Defense Time % Phy DF OF
1 Dmitry Sinitsyn Jordan Schmaltz 60 1 2 2
2 Keegan Lowe Nikita Nesterov 40 1 2 2
Last Minutes Offensive
Center Left Wing Right Wing Defense Defense
Christoph Bertschy Zachary Sanford Tyler Pitlick Dmitry Sinitsyn Jordan Schmaltz
Last Minutes Defensive
Center Left Wing Right Wing Defense Defense
Christoph Bertschy Zachary Sanford Tyler Pitlick Dmitry Sinitsyn Jordan Schmaltz
Goaltenders
Starting : Garret Sparks
Backup : David Rittich
Extra Forwards
Normal : Jacob De La Rose, Brendan Perlini, C.J Suess - PP : Jacob De La Rose, Brendan Perlini - PK : Jacob De La Rose
Extra Defensemen
Normal : Mason Geertsen, Jonas Siegenthaler, Gustav Forsling - PP : Mason Geertsen - PK : Mason Geertsen, Jonas Siegenthaler
Penalty Shots
Tyler Pitlick, Zachary Sanford, Oliver Bjorkstrand, Christoph Bertschy, Jacob De La Rose
Scratches
Joonas Lyytinen (Left Knee Injury), Zemgus Girgensons (Bruised Left Foot Injury), Arttu Ruotsalainen (Healthy), Cliff Pu (Healthy), Michael Pezzetta (Healthy)
Bryce Kindopp (Healthy), Olle Eriksson Ek (Healthy), Scott Wedgewood (Healthy)
Rocket
5 vs 5 Forward
Center Left Wing Right Wing Time % Phy DF OF
1 Corey Trivino Adrian Kempe Danton Heinen 40 1 2 2
2 Peter Holland Brandon Pirri Scott Wilson 30 1 2 2
3 Dominic Turgeon Jiri Sekac Kole Sherwood 20 1 2 2
4 Karson Kuhlman Jakub Vrana Ty Rattie 10 1 2 2
5 vs 5 Defense
Defense Defense Time % Phy DF OF
1 Viktor Loov Dean Kukan 40 1 2 2
2 Adam Fox Andrey Pedan 30 1 2 2
3 Dylan DeMelo Andrei Mironov 20 1 2 2
4 Jack Glover Tyler Lewington 10 1 2 2
PowerPlay Forward
Center Left Wing Right Wing Time % Phy DF OF
1 Corey Trivino Adrian Kempe Danton Heinen 60 1 2 2
2 Peter Holland Brandon Pirri Scott Wilson 40 1 2 2
PowerPlay Defense
Defense Defense Time % Phy DF OF
1 Viktor Loov Dean Kukan 60 1 2 2
2 Adam Fox Andrey Pedan 40 1 2 2
Penalty Kill 4 Players Forward
Center Wing Time % Phy DF OF
1 Adrian Kempe Danton Heinen 60 1 2 2
2 Brandon Pirri Corey Trivino 40 1 2 2
Penalty Kill 4 Players Defense
Defense Defense Time % Phy DF OF
1 Viktor Loov Dean Kukan 60 1 2 2
2 Adam Fox Andrey Pedan 40 1 2 2
Penalty Kill - 3 Players Forward
Forward Time % Phy DF OF
1 Adrian Kempe 60 1 2 2
2 Danton Heinen 40 1 2 2
Penalty Kill - 3 Players Defense
Defense Defense Time % Phy DF OF
1 Viktor Loov Dean Kukan 60 1 2 2
2 Adam Fox Andrey Pedan 40 1 2 2
4 vs 4 Forward
Center Wing Time % Phy DF OF
1 Adrian Kempe Danton Heinen 60 1 2 2
2 Brandon Pirri Corey Trivino 40 1 2 2
4 vs 4 Defense
Defense Defense Time % Phy DF OF
1 Viktor Loov Dean Kukan 60 1 2 2
2 Adam Fox Andrey Pedan 40 1 2 2
Last Minutes Offensive
Center Left Wing Right Wing Defense Defense
Corey Trivino Adrian Kempe Danton Heinen Viktor Loov Dean Kukan
Last Minutes Defensive
Center Left Wing Right Wing Defense Defense
Corey Trivino Adrian Kempe Danton Heinen Viktor Loov Dean Kukan
Goaltenders
Starting : Eamon McAdam
Backup : Igor Shesterkin
Extra Forwards
Normal : Sergey Tolchinsky, Dalton Smith, Mason Appleton - PP : Sergey Tolchinsky, Dalton Smith - PK : Mason Appleton
Extra Defensemen
Normal : Guillaume Brisebois, Dylan DeMelo, Andrei Mironov - PP : Guillaume Brisebois - PK : Dylan DeMelo, Andrei Mironov
Penalty Shots
Adrian Kempe, Danton Heinen, Brandon Pirri, Corey Trivino, Peter Holland
Scratches
Branden Troock (Healthy), Daniel Sprong (Healthy), Reese Johnson (Healthy), Ryan Collins (Healthy), MacKenzie Entwistle (Healthy)
Mikhail Maltsev (Healthy)
% Time on Ice - Senators
Lines # - Real PCT - Wanted PCT - Time Play
Normal Forward
1 - 38% - 40% - 20:27
2 - 27% - 30% - 14:15
3 - 23% - 20% - 12:05
4 - 13% - 10% - 6:55
Normal Defense
1 - 34% - 40% - 18:08
2 - 33% - 30% - 17:34
3 - 23% - 20% - 12:07
4 - 11% - 10% - 5:53
PP Forward
1 - 55% - 60% - 1:05
2 - 45% - 40% - 0:54
PP Defense
1 - 60% - 60% - 1:11
2 - 40% - 40% - 0:48
PK Forward
1 - 95% - 60% - 4:05
2 - 5% - 40% - 0:14
PK Defense
1 - 67% - 60% - 2:53
2 - 33% - 40% - 1:26
PK3 Forward
1 - 0% - 60%
2 - 0% - 40%
PK3 Defense
1 - 0% - 60%
2 - 0% - 40%
44 Forward
1 - 0% - 60%
2 - 0% - 40%
44 Defense
1 - 0% - 60%
2 - 0% - 40%
Last Minute Offensive - 0:00
Last Minute Defensive - 0:00
Total
Forward - 60:00
Defense - 60:00
|
% Time on Ice - Rocket
Lines # - Real PCT - Wanted PCT - Time Play
Normal Forward
1 - 34% - 40% - 18:31
2 - 30% - 30% - 16:11
3 - 22% - 20% - 12:03
4 - 13% - 10% - 6:57
Normal Defense
1 - 38% - 40% - 20:35
2 - 30% - 30% - 16:00
3 - 20% - 20% - 10:33
4 - 12% - 10% - 6:34
PP Forward
1 - 63% - 60% - 2:42
2 - 37% - 40% - 1:37
PP Defense
1 - 81% - 60% - 3:30
2 - 19% - 40% - 0:49
PK Forward
1 - 100% - 60% - 1:59
2 - 0% - 40% - 0:00
PK Defense
1 - 56% - 60% - 1:07
2 - 44% - 40% - 0:52
PK3 Forward
1 - 0% - 60%
2 - 0% - 40%
PK3 Defense
1 - 0% - 60%
2 - 0% - 40%
44 Forward
1 - 0% - 60%
2 - 0% - 40%
44 Defense
1 - 0% - 60%
2 - 0% - 40%
Last Minute Offensive - 0:00
Last Minute Defensive - 0:00
Total
Forward - 60:00
Defense - 60:00
|
Play-by-Play
1st period
0:01 of 1st period - Corey Trivino wins face-off versus Christoph Bertschy in neutral zone.
0:35 of 1st period - Slapshot by Scott Wilson.
0:35 of 1st period - Stopped by Garret Sparks with a rebound.
0:50 of 1st period - Off-side.
0:51 of 1st period - Kevin Rooney wins face-off versus Dominic Turgeon in neutral zone.
1:10 of 1st period - Wrist shot by Kevin Rooney.
1:10 of 1st period - Shot Blocked by Dominic Turgeon.
1:14 of 1st period - Snap shot by C.J Suess.
1:14 of 1st period - Stopped by Eamon McAdam with a rebound.
1:18 of 1st period - Snap shot by C.J Suess.
1:18 of 1st period - Stopped by Eamon McAdam without a rebound.
1:19 of 1st period - Corey Trivino wins face-off versus Christoph Bertschy in Rocket zone.
1:19 of 1st period - Corey Trivino is hit by Tyler Pitlick.
1:25 of 1st period - Snap shot by Adrian Kempe.
1:25 of 1st period - Stopped by Garret Sparks without a rebound.
1:26 of 1st period - Christoph Bertschy wins face-off versus Corey Trivino in Senators zone.
1:43 of 1st period - Slapshot by Danton Heinen.
1:43 of 1st period - Shot Blocked by Jonas Siegenthaler.
1:45 of 1st period - Slapshot by Dylan DeMelo.
1:45 of 1st period - Shot Blocked by Christoph Bertschy.
1:47 of 1st period - Snap shot by Corey Trivino.
1:47 of 1st period - Stopped by Garret Sparks without a rebound.
1:48 of 1st period - Peter Holland wins face-off versus Jacob De La Rose in Senators zone.
1:57 of 1st period - Wrist shot by Peter Holland.
1:57 of 1st period - Shot Misses the Net.
1:59 of 1st period - Snap shot by Peter Holland.
1:59 of 1st period - Stopped by Garret Sparks with a rebound.
2:01 of 1st period - Slapshot by Tyler Lewington.
2:01 of 1st period - Shot Misses the Net.
2:03 of 1st period - Slapshot by Tyler Lewington.
2:03 of 1st period - Shot Misses the Net.
2:15 of 1st period - Jakub Vrana is hit by Michael McCarron and loses puck.
2:42 of 1st period - Slapshot by Adrian Kempe.
2:42 of 1st period - Stopped by Garret Sparks with a rebound.
2:44 of 1st period - Wrist shot by Tyler Lewington.
2:44 of 1st period - Deflect By Danton Heinen.
2:44 of 1st period - Stopped by Garret Sparks with a rebound.
2:46 of 1st period - Slapshot by Jack Glover.
2:46 of 1st period - Shot Blocked by Keegan Lowe.
2:48 of 1st period - Snap shot by Adrian Kempe.
2:48 of 1st period - Shot Blocked by Keegan Lowe.
2:50 of 1st period - Snap shot by Danton Heinen.
2:50 of 1st period - Stopped by Garret Sparks with a rebound.
3:04 of 1st period - Snap shot by Brendan Perlini.
3:04 of 1st period - Stopped by Eamon McAdam with a rebound.
3:06 of 1st period - Slapshot by Oliver Bjorkstrand.
3:06 of 1st period - Stopped by Eamon McAdam with a rebound.
3:08 of 1st period - Slapshot by Oliver Bjorkstrand.
3:08 of 1st period - Shot Misses the Net.
3:56 of 1st period - Icing by Adrian Kempe.
3:57 of 1st period - Danton Heinen wins face-off versus Tyler Pitlick in Rocket zone.
3:57 of 1st period - Danton Heinen is hit by Christoph Bertschy.
5:10 of 1st period - Snap shot by Jiri Sekac.
5:10 of 1st period - Stopped by Garret Sparks with a rebound.
5:23 of 1st period - Icing by Dmitry Sinitsyn.
5:24 of 1st period - Karson Kuhlman wins face-off versus Christoph Bertschy in Senators zone.
6:01 of 1st period - Icing by Oliver Bjorkstrand.
6:02 of 1st period - Corey Trivino wins face-off versus Jacob De La Rose in Senators zone.
6:17 of 1st period - Wrist shot by Brendan Perlini.
6:17 of 1st period - Goal by Brendan Perlini - Senators : 1 - Rocket : 0.
6:18 of 1st period - Christoph Bertschy wins face-off versus Peter Holland in neutral zone.
7:35 of 1st period - Wrist shot by Zachary Sanford.
7:35 of 1st period - Stopped by Eamon McAdam with a rebound.
7:37 of 1st period - Snap shot by Zachary Sanford.
7:37 of 1st period - Stopped by Eamon McAdam with a rebound.
7:59 of 1st period - Jordan Schmaltz is hit by Peter Holland and loses puck.
8:24 of 1st period - Snap shot by Johan Larsson.
8:24 of 1st period - Shot Misses the Net.
8:26 of 1st period - Slapshot by Jordan Schmaltz.
8:26 of 1st period - Deflect By Adam Fox.
8:26 of 1st period - Stopped by Eamon McAdam without a rebound.
8:27 of 1st period - Peter Holland wins face-off versus Christoph Bertschy in Rocket zone.
8:42 of 1st period - Wrist shot by Christoph Bertschy.
8:42 of 1st period - Stopped by Eamon McAdam with a rebound.
8:45 of 1st period - Icing by Tyler Lewington.
8:46 of 1st period - Jacob De La Rose wins face-off versus Peter Holland in Rocket zone.
8:47 of 1st period - Snap shot by Brendan Perlini.
8:47 of 1st period - Shot Misses the Net.
9:13 of 1st period - Wrist shot by Scott Wilson.
9:13 of 1st period - Shot Blocked by Dmitry Sinitsyn.
9:40 of 1st period - Slapshot by Michael McCarron.
9:40 of 1st period - Shot Blocked by Viktor Loov.
9:42 of 1st period - Slapshot by Jordan Schmaltz.
9:42 of 1st period - Shot Misses the Net.
9:44 of 1st period - Wrist shot by Jordan Schmaltz.
9:44 of 1st period - Shot Blocked by Dean Kukan.
10:24 of 1st period - Wrist shot by Zachary Sanford.
10:24 of 1st period - Deflect By Christoph Bertschy.
10:24 of 1st period - Stopped by Eamon McAdam with a rebound.
10:26 of 1st period - Slapshot by Nikita Nesterov.
10:26 of 1st period - Deflect By Corey Trivino.
10:26 of 1st period - Stopped by Eamon McAdam without a rebound.
10:27 of 1st period - Jacob De La Rose wins face-off versus Peter Holland in Rocket zone.
11:01 of 1st period - Wrist shot by Tyler Pitlick.
11:01 of 1st period - Stopped by Eamon McAdam with a rebound.
11:15 of 1st period - Nikita Nesterov is hit by Kole Sherwood and loses puck.
11:22 of 1st period - Wrist shot by Jiri Sekac.
11:22 of 1st period - Shot Misses the Net.
11:24 of 1st period - Backhand shot by Kole Sherwood.
11:24 of 1st period - Shot Misses the Net.
11:40 of 1st period - Wrist shot by Brandon Pirri.
11:40 of 1st period - Stopped by Garret Sparks with a rebound.
11:42 of 1st period - Snap shot by Andrey Pedan.
11:42 of 1st period - Stopped by Garret Sparks without a rebound.
11:43 of 1st period - Corey Trivino wins face-off versus Christoph Bertschy in Senators zone.
11:46 of 1st period - Wrist shot by Danton Heinen.
11:46 of 1st period - Goal by Danton Heinen - Senators : 1 - Rocket : 1.
11:47 of 1st period - Corey Trivino wins face-off versus Christoph Bertschy in neutral zone.
11:54 of 1st period - Backhand shot by Tyler Pitlick.
11:54 of 1st period - Goal by Tyler Pitlick - Senators : 2 - Rocket : 1.
11:55 of 1st period - Corey Trivino wins face-off versus Christoph Bertschy in neutral zone.
12:11 of 1st period - Snap shot by Tyler Pitlick.
12:11 of 1st period - Shot Blocked by Dean Kukan.
14:12 of 1st period - Snap shot by Dominic Turgeon.
14:12 of 1st period - Stopped by Garret Sparks without a rebound.
14:13 of 1st period - Christoph Bertschy wins face-off versus Corey Trivino in Senators zone.
14:24 of 1st period - Nikita Nesterov is hit by Adrian Kempe and loses puck.
15:21 of 1st period - Slapshot by Adam Fox.
15:21 of 1st period - Stopped by Garret Sparks with a rebound.
15:41 of 1st period - Tyler Pitlick is hit by Corey Trivino and loses puck.
16:17 of 1st period - Slapshot by Brendan Perlini.
16:17 of 1st period - Shot Blocked by Scott Wilson.
16:19 of 1st period - Snap shot by Mason Geertsen.
16:19 of 1st period - Stopped by Eamon McAdam with a rebound.
16:26 of 1st period - Icing by Brandon Pirri.
16:27 of 1st period - Kevin Rooney wins face-off versus Dominic Turgeon in Rocket zone.
16:36 of 1st period - Wrist shot by C.J Suess.
16:36 of 1st period - Stopped by Eamon McAdam with a rebound.
16:38 of 1st period - Slapshot by Dmitry Sinitsyn.
16:38 of 1st period - Deflect By Andrei Mironov.
16:38 of 1st period - Stopped by Eamon McAdam without a rebound.
16:39 of 1st period - Christoph Bertschy wins face-off versus Corey Trivino in Rocket zone.
16:56 of 1st period - Adrian Kempe is hit by Christoph Bertschy and loses puck.
17:09 of 1st period - Dean Kukan is hit by Oliver Bjorkstrand and loses puck.
17:20 of 1st period - Snap shot by Brendan Perlini.
17:20 of 1st period - Deflect By Dean Kukan.
17:20 of 1st period - Shot Misses the Net.
17:20 of 1st period - Puck is out of play.
17:21 of 1st period - Dominic Turgeon wins face-off versus Kevin Rooney in Rocket zone.
18:03 of 1st period - Andrey Pedan is hit by Nikita Nesterov and loses puck.
19:13 of 1st period - Icing by Dmitry Sinitsyn.
19:14 of 1st period - Jacob De La Rose wins face-off versus Corey Trivino in Senators zone.
Goals for this period are 2 for Senators vs 1 for Rocket.
Shots for this period are 16 for Senators vs 13 for Rocket.
2nd period
0:01 of 2nd period - Corey Trivino wins face-off versus Christoph Bertschy in neutral zone.
0:20 of 2nd period - Dean Kukan is hit by Christoph Bertschy and loses puck.
0:41 of 2nd period - Scott Wilson is hit by Jacob De La Rose.
0:55 of 2nd period - Wrist shot by Jiri Sekac.
0:55 of 2nd period - Deflect By Dominic Turgeon.
0:55 of 2nd period - Stopped by Garret Sparks without a rebound.
0:56 of 2nd period - Dominic Turgeon wins face-off versus Kevin Rooney in Senators zone.
1:11 of 2nd period - Wrist shot by Kevin Rooney.
1:11 of 2nd period - Shot Blocked by Andrey Pedan.
1:13 of 2nd period - Snap shot by Dmitry Sinitsyn.
1:13 of 2nd period - Stopped by Eamon McAdam without a rebound.
1:14 of 2nd period - Corey Trivino wins face-off versus Christoph Bertschy in Rocket zone.
1:14 of 2nd period - Corey Trivino is hit by Dmitry Sinitsyn.
1:22 of 2nd period - Slapshot by Danton Heinen.
1:22 of 2nd period - Goal by Danton Heinen - Senators : 2 - Rocket : 2.
1:23 of 2nd period - Danton Heinen wins face-off versus Christoph Bertschy in neutral zone.
1:26 of 2nd period - Jordan Schmaltz is hit by Corey Trivino and loses puck.
2:16 of 2nd period - Backhand shot by Johan Larsson.
2:16 of 2nd period - Goal by Johan Larsson - Senators : 3 - Rocket : 2.
2:17 of 2nd period - Corey Trivino wins face-off versus Christoph Bertschy in neutral zone.
2:28 of 2nd period - Wrist shot by Christoph Bertschy.
2:28 of 2nd period - Stopped by Eamon McAdam with a rebound.
2:30 of 2nd period - Wrist shot by Christoph Bertschy.
2:30 of 2nd period - Shot Blocked by Adam Fox.
2:32 of 2nd period - Wrist shot by Zachary Sanford.
2:32 of 2nd period - Shot Blocked by Corey Trivino.
2:44 of 2nd period - Oliver Bjorkstrand is hit by Andrey Pedan and loses puck.
2:51 of 2nd period - Snap shot by Brandon Pirri.
2:51 of 2nd period - Shot Misses the Net.
2:53 of 2nd period - Wrist shot by Brandon Pirri.
2:53 of 2nd period - Stopped by Garret Sparks with a rebound.
2:55 of 2nd period - Slapshot by Dean Kukan.
2:55 of 2nd period - Stopped by Garret Sparks with a rebound.
3:15 of 2nd period - Slapshot by Grant Besse.
3:15 of 2nd period - Shot Misses the Net.
3:17 of 2nd period - Snap shot by Kevin Rooney.
3:17 of 2nd period - Shot Misses the Net.
3:31 of 2nd period - Slapshot by Jakub Vrana.
3:31 of 2nd period - Shot Misses the Net.
3:33 of 2nd period - Slapshot by Dean Kukan.
3:33 of 2nd period - Shot Blocked by David Kase.
3:35 of 2nd period - Wrist shot by Dean Kukan.
3:35 of 2nd period - Deflect By Karson Kuhlman.
3:35 of 2nd period - Shot Misses the Net.
3:35 of 2nd period - Puck is out of play.
3:36 of 2nd period - Christoph Bertschy wins face-off versus Corey Trivino in Senators zone.
3:45 of 2nd period - Wrist shot by Tyler Pitlick.
3:45 of 2nd period - Stopped by Eamon McAdam with a rebound.
3:47 of 2nd period - Snap shot by Jordan Schmaltz.
3:47 of 2nd period - Deflect By Zachary Sanford.
3:47 of 2nd period - Goal by Zachary Sanford - Senators : 4 - Rocket : 2.
3:48 of 2nd period - Danton Heinen wins face-off versus Christoph Bertschy in neutral zone.
3:51 of 2nd period - Tyler Pitlick is hit by Adrian Kempe and loses puck.
4:07 of 2nd period - Icing by Dmitry Sinitsyn.
4:08 of 2nd period - Peter Holland wins face-off versus Christoph Bertschy in Senators zone.
4:20 of 2nd period - Minor Penalty to Jordan Schmaltz for Hooking.
4:21 of 2nd period - Corey Trivino wins face-off versus Christoph Bertschy in Senators zone.
4:27 of 2nd period - Snap shot by Danton Heinen.
4:27 of 2nd period - Stopped by Garret Sparks with a rebound.
4:29 of 2nd period - Slapshot by Danton Heinen.
4:29 of 2nd period - Shot Blocked by Christoph Bertschy.
4:31 of 2nd period - Snap shot by Adrian Kempe.
4:31 of 2nd period - Stopped by Garret Sparks with a rebound.
4:33 of 2nd period - Snap shot by Adrian Kempe.
4:33 of 2nd period - Stopped by Garret Sparks without a rebound.
4:34 of 2nd period - Corey Trivino wins face-off versus Zachary Sanford in Senators zone.
4:39 of 2nd period - Wrist shot by Danton Heinen.
4:39 of 2nd period - Stopped by Garret Sparks with a rebound.
4:41 of 2nd period - Wrist shot by Dean Kukan.
4:41 of 2nd period - Goal by Dean Kukan - Senators : 4 - Rocket : 3.
4:42 of 2nd period - Corey Trivino wins face-off versus Christoph Bertschy in neutral zone.
4:57 of 2nd period - Slapshot by Adrian Kempe.
4:57 of 2nd period - Shot Misses the Net.
5:09 of 2nd period - Brandon Pirri is hit by Jacob De La Rose and loses puck.
6:39 of 2nd period - Snap shot by Scott Wilson.
6:39 of 2nd period - Stopped by Garret Sparks with a rebound.
7:58 of 2nd period - Icing by Scott Wilson.
7:59 of 2nd period - Peter Holland wins face-off versus Jacob De La Rose in Rocket zone.
8:40 of 2nd period - Snap shot by Oliver Bjorkstrand.
8:40 of 2nd period - Deflect By Brendan Perlini.
8:40 of 2nd period - Shot Blocked by Dean Kukan.
8:40 of 2nd period - Puck is out of play.
8:41 of 2nd period - Corey Trivino wins face-off versus Christoph Bertschy in Rocket zone.
9:13 of 2nd period - Snap shot by C.J Suess.
9:13 of 2nd period - Deflect By Kole Sherwood.
9:13 of 2nd period - Stopped by Eamon McAdam without a rebound.
9:14 of 2nd period - Jiri Sekac wins face-off versus C.J Suess in Rocket zone.
10:06 of 2nd period - Snap shot by Oliver Bjorkstrand.
10:06 of 2nd period - Shot Misses the Net.
11:26 of 2nd period - Slapshot by C.J Suess.
11:26 of 2nd period - Stopped by Eamon McAdam with a rebound.
12:48 of 2nd period - Wrist shot by David Kase.
12:48 of 2nd period - Stopped by Eamon McAdam without a rebound.
12:49 of 2nd period - Jacob De La Rose wins face-off versus Karson Kuhlman in Rocket zone.
13:05 of 2nd period - Slapshot by Jordan Schmaltz.
13:05 of 2nd period - Shot Blocked by Adam Fox.
14:00 of 2nd period - Kevin Rooney is hit by Kole Sherwood and loses puck.
14:05 of 2nd period - Wrist shot by Jiri Sekac.
14:05 of 2nd period - Shot Misses the Net.
14:17 of 2nd period - Snap shot by Jakub Vrana.
14:17 of 2nd period - Stopped by Garret Sparks with a rebound.
14:19 of 2nd period - Snap shot by Jakub Vrana.
14:19 of 2nd period - Goal by Jakub Vrana - Senators : 4 - Rocket : 4.
14:20 of 2nd period - Corey Trivino wins face-off versus Christoph Bertschy in neutral zone.
15:28 of 2nd period - Wrist shot by Michael McCarron.
15:28 of 2nd period - Shot Blocked by Viktor Loov.
15:30 of 2nd period - Snap shot by Johan Larsson.
15:30 of 2nd period - Shot Blocked by Viktor Loov.
15:36 of 2nd period - Wrist shot by Michael McCarron.
15:36 of 2nd period - Shot Misses the Net.
16:10 of 2nd period - Snap shot by Scott Wilson.
16:10 of 2nd period - Shot Blocked by Dmitry Sinitsyn.
16:12 of 2nd period - Slapshot by Andrey Pedan.
16:12 of 2nd period - Deflect By Scott Wilson.
16:12 of 2nd period - Shot Blocked by Dmitry Sinitsyn.
16:12 of 2nd period - Puck is out of play.
16:13 of 2nd period - Peter Holland wins face-off versus Jacob De La Rose in Senators zone.
17:08 of 2nd period - Minor Penalty to Peter Holland for Hooking.
17:09 of 2nd period - Christoph Bertschy wins face-off versus Adrian Kempe in Rocket zone.
19:07 of 2nd period - Dean Kukan is hit by Kevin Rooney and loses puck.
19:08 of 2nd period - Penalty to Peter Holland is over, Peter Holland is back on ice.
19:14 of 2nd period - Snap shot by Adrian Kempe.
19:14 of 2nd period - Shot Misses the Net.
19:20 of 2nd period - Snap shot by Peter Holland.
19:20 of 2nd period - Stopped by Garret Sparks with a rebound.
19:36 of 2nd period - Snap shot by Peter Holland.
19:36 of 2nd period - Shot Blocked by Keegan Lowe.
19:50 of 2nd period - Wrist shot by Adrian Kempe.
19:50 of 2nd period - Shot Misses the Net.
19:52 of 2nd period - Wrist shot by Mason Appleton.
19:52 of 2nd period - Stopped by Garret Sparks with a rebound.
19:54 of 2nd period - Slapshot by Andrey Pedan.
19:54 of 2nd period - Stopped by Garret Sparks with a rebound.
19:56 of 2nd period - Wrist shot by Peter Holland.
19:56 of 2nd period - Stopped by Garret Sparks without a rebound.
19:57 of 2nd period - Dominic Turgeon wins face-off versus Tyler Pitlick in Senators zone.
Goals for this period are 2 for Senators vs 3 for Rocket.
Shots for this period are 8 for Senators vs 16 for Rocket.
3rd period
0:01 of 3rd period - Corey Trivino wins face-off versus Christoph Bertschy in neutral zone.
0:07 of 3rd period - Minor Penalty to Christoph Bertschy for Hooking.
0:08 of 3rd period - Corey Trivino wins face-off versus Jacob De La Rose in Senators zone.
0:29 of 3rd period - Adrian Kempe is hit by Jacob De La Rose and loses puck.
0:39 of 3rd period - Icing by Danton Heinen.
0:40 of 3rd period - Peter Holland wins face-off versus Jacob De La Rose in Rocket zone.
0:49 of 3rd period - Wrist shot by Peter Holland.
0:49 of 3rd period - Stopped by Garret Sparks with a rebound.
0:51 of 3rd period - Slapshot by Viktor Loov.
0:51 of 3rd period - Shot Blocked by Zachary Sanford.
1:46 of 3rd period - Icing by Dean Kukan.
1:47 of 3rd period - Jacob De La Rose wins face-off versus Corey Trivino in Rocket zone.
2:07 of 3rd period - Penalty to Christoph Bertschy is over, Christoph Bertschy is back on ice.
2:20 of 3rd period - Slapshot by Kevin Rooney.
2:20 of 3rd period - Stopped by Eamon McAdam with a rebound.
2:24 of 3rd period - Snap shot by Christoph Bertschy.
2:24 of 3rd period - Stopped by Eamon McAdam with a rebound.
2:26 of 3rd period - Wrist shot by Brendan Perlini.
2:26 of 3rd period - Shot Misses the Net.
2:28 of 3rd period - Slapshot by Jordan Schmaltz.
2:28 of 3rd period - Deflect By Adam Fox.
2:28 of 3rd period - Stopped by Eamon McAdam with a rebound.
2:30 of 3rd period - Wrist shot by Brendan Perlini.
2:30 of 3rd period - Stopped by Eamon McAdam without a rebound.
2:31 of 3rd period - Michael McCarron wins face-off versus Peter Holland in Rocket zone.
2:32 of 3rd period - Backhand shot by Johan Larsson.
2:32 of 3rd period - Stopped by Eamon McAdam with a rebound.
2:34 of 3rd period - Snap shot by David Kase.
2:34 of 3rd period - Shot Blocked by Dylan DeMelo.
2:46 of 3rd period - Snap shot by Michael McCarron.
2:46 of 3rd period - Shot Blocked by Dylan DeMelo.
2:56 of 3rd period - Christoph Bertschy is hit by Adrian Kempe and loses puck.
5:36 of 3rd period - Peter Holland is hit by Christoph Bertschy and loses puck.
5:42 of 3rd period - Off-side.
5:43 of 3rd period - Jacob De La Rose wins face-off versus Dominic Turgeon in neutral zone.
5:48 of 3rd period - Wrist shot by Brendan Perlini.
5:48 of 3rd period - Stopped by Eamon McAdam with a rebound.
5:50 of 3rd period - Slapshot by Jacob De La Rose.
5:50 of 3rd period - Shot Misses the Net.
5:52 of 3rd period - Backhand shot by Mason Geertsen.
5:52 of 3rd period - Deflect By Brendan Perlini.
5:52 of 3rd period - Goal by Brendan Perlini - Senators : 5 - Rocket : 4.
5:53 of 3rd period - Corey Trivino wins face-off versus Christoph Bertschy in neutral zone.
6:05 of 3rd period - Slapshot by Dean Kukan.
6:05 of 3rd period - Shot Blocked by Christoph Bertschy.
6:20 of 3rd period - Minor Penalty to Keegan Lowe for High sticking.
6:21 of 3rd period - Corey Trivino wins face-off versus Christoph Bertschy in Senators zone.
6:24 of 3rd period - Snap shot by Danton Heinen.
6:24 of 3rd period - Stopped by Garret Sparks with a rebound.
6:34 of 3rd period - Slapshot by Adrian Kempe.
6:34 of 3rd period - Stopped by Garret Sparks without a rebound.
6:35 of 3rd period - Corey Trivino wins face-off versus Christoph Bertschy in Senators zone.
6:48 of 3rd period - Snap shot by Adrian Kempe.
6:48 of 3rd period - Shot Misses the Net.
8:20 of 3rd period - Penalty to Keegan Lowe is over, Keegan Lowe is back on ice.
8:37 of 3rd period - Jonas Siegenthaler is hit by Kole Sherwood and loses puck.
8:49 of 3rd period - Adam Fox is hit by Kevin Rooney and loses puck.
9:00 of 3rd period - Jiri Sekac is hit by Johan Larsson.
9:22 of 3rd period - Wrist shot by Kole Sherwood.
9:22 of 3rd period - Stopped by Garret Sparks with a rebound.
9:32 of 3rd period - Wrist shot by Michael McCarron.
9:32 of 3rd period - Stopped by Eamon McAdam with a rebound.
9:34 of 3rd period - Snap shot by David Kase.
9:34 of 3rd period - Deflect By Johan Larsson.
9:34 of 3rd period - Shot Misses the Net.
9:34 of 3rd period - Puck is out of play.
9:35 of 3rd period - Christoph Bertschy wins face-off versus Peter Holland in Rocket zone.
9:36 of 3rd period - Snap shot by Zachary Sanford.
9:36 of 3rd period - Shot Blocked by Scott Wilson.
9:44 of 3rd period - Snap shot by Peter Holland.
9:44 of 3rd period - Stopped by Garret Sparks with a rebound.
9:46 of 3rd period - Snap shot by Brandon Pirri.
9:46 of 3rd period - Shot Misses the Net.
9:48 of 3rd period - Snap shot by Scott Wilson.
9:48 of 3rd period - Stopped by Garret Sparks with a rebound.
10:04 of 3rd period - Icing by Oliver Bjorkstrand.
10:05 of 3rd period - Corey Trivino wins face-off versus Jacob De La Rose in Senators zone.
10:12 of 3rd period - Wrist shot by Adrian Kempe.
10:12 of 3rd period - Stopped by Garret Sparks without a rebound.
10:13 of 3rd period - Christoph Bertschy wins face-off versus Corey Trivino in Senators zone.
10:58 of 3rd period - Ty Rattie is hit by C.J Suess and loses puck.
11:09 of 3rd period - Wrist shot by Kevin Rooney.
11:09 of 3rd period - Shot Blocked by Karson Kuhlman.
11:19 of 3rd period - Jordan Schmaltz is hit by Kole Sherwood and loses puck.
12:25 of 3rd period - Adam Fox is hit by C.J Suess and loses puck.
12:36 of 3rd period - Wrist shot by Kevin Rooney.
12:36 of 3rd period - Deflect By Karson Kuhlman.
12:36 of 3rd period - Shot Blocked by Adam Fox.
12:36 of 3rd period - Puck is out of play.
12:37 of 3rd period - Corey Trivino wins face-off versus Christoph Bertschy in Rocket zone.
13:16 of 3rd period - Dmitry Sinitsyn is hit by Kole Sherwood and loses puck.
13:34 of 3rd period - Slapshot by Jack Glover.
13:34 of 3rd period - Stopped by Garret Sparks without a rebound.
13:35 of 3rd period - Corey Trivino wins face-off versus Jacob De La Rose in Senators zone.
13:44 of 3rd period - Slapshot by Keegan Lowe.
13:44 of 3rd period - Shot Misses the Net.
14:02 of 3rd period - Jacob De La Rose is hit by Kole Sherwood and loses puck.
14:19 of 3rd period - Keegan Lowe is hit by Jiri Sekac and loses puck.
14:53 of 3rd period - Off-side.
14:54 of 3rd period - Christoph Bertschy wins face-off versus Corey Trivino in neutral zone.
15:23 of 3rd period - Snap shot by Zachary Sanford.
15:23 of 3rd period - Goal by Zachary Sanford - Senators : 6 - Rocket : 4.
15:24 of 3rd period - Kevin Rooney wins face-off versus Corey Trivino in neutral zone.
15:35 of 3rd period - Snap shot by Adrian Kempe.
15:35 of 3rd period - Deflect By Corey Trivino.
15:35 of 3rd period - Shot Blocked by Kevin Rooney.
15:35 of 3rd period - Puck is out of play.
15:36 of 3rd period - Corey Trivino wins face-off versus Christoph Bertschy in Senators zone.
16:14 of 3rd period - Wrist shot by Peter Holland.
16:14 of 3rd period - Goal by Peter Holland - Senators : 6 - Rocket : 5.
16:15 of 3rd period - Christoph Bertschy wins face-off versus Corey Trivino in neutral zone.
16:50 of 3rd period - Wrist shot by Peter Holland.
16:50 of 3rd period - Stopped by Garret Sparks without a rebound.
16:51 of 3rd period - Kevin Rooney wins face-off versus Peter Holland in Senators zone.
17:03 of 3rd period - Snap shot by C.J Suess.
17:03 of 3rd period - Goal by C.J Suess - Senators : 7 - Rocket : 5.
17:04 of 3rd period - Corey Trivino wins face-off versus Christoph Bertschy in neutral zone.
17:07 of 3rd period - Dmitry Sinitsyn is hit by Dean Kukan and loses puck.
17:30 of 3rd period - Jordan Schmaltz is hit by Dean Kukan and loses puck.
18:34 of 3rd period - Snap shot by Brendan Perlini.
18:34 of 3rd period - Shot Blocked by Dylan DeMelo.
19:02 of 3rd period - C.J Suess is hit by Scott Wilson and loses puck.
Goals for this period are 3 for Senators vs 1 for Rocket.
Shots for this period are 10 for Senators vs 10 for Rocket.